 Dungeon Crawl Stone Soup version 0.23.2-33-g5129a83184 (webtiles) character file.

Game seed: 5457630609073583134

469 Descartes the Sneak (level 7, -2/35 HPs)
             Began as a Vine Stalker Transmuter on July 21, 2019.
             Slain by an ogre
             ... wielding a cursed +0 giant club
              (9 damage)
             ... on level 4 of the Dungeon.
             The game lasted 00:13:42 (3130 turns).

Descartes the Sneak (Vine Stalker Transmuter)       Turns: 3130, Time: 00:13:42

Health: -2/35      AC:  3    Str: 14    XL:     7   Next: 9%
Magic:  0/12       EV: 13    Int: 14    God:
Gold:   195        SH:  0    Dex: 14    Spells: 9/12 levels left

rFire    + . .     SeeInvis .   y - +1 short sword (vamp)
rCold    + . .     Gourm    .   (no shield)
rNeg     . . .     Faith    .   B - +1 robe {rC+ rF+}
rPois    .         Spirit   +   (no helmet)
rElec    .         Reflect  .   (no cloak)
rCorr    .         Harm     .   (no gloves)
MR       .....     Rnd*Tele +   (no boots)
Stlth    ++........             (no amulet)
HPRegen  0.51/turn              k - ring of attention (curse)
MPRegen  0.13/turn              p - ring of teleportation (curse)

@: no status effects
A: fangs 2, regeneration 1, magic shield, antimagic bite, no potion heal 3, rot
immunity
a: no special abilities


You were on level 4 of the Dungeon.
You were not hungry.

You visited 1 branch of the dungeon, and saw 4 of its levels.

You collected 195 gold pieces.

Inventory:

Hand Weapons
 b - a +0 hunting sling
 o - a +0 rapier
 v - a +2 dagger of speed
 w - a +0 club
 x - a +3 short sword
 y - a +1 vampiric short sword (weapon)
Missiles
 a - 124 arrows
 i - 98 stones
 z - 8 poisoned tomahawks (quivered)
Armour
 h - a +1 chain mail of poison resistance
 s - a +0 helmet
 B - a +1 robe of resistance (worn)
Jewellery
 k - a cursed ring of attention (left hand)
 p - a cursed ring of teleportation (right hand)
 t - an uncursed amulet of rage
Scrolls
 j - 2 scrolls of teleportation
 q - a scroll of immolation
Potions
 e - 2 potions of curing
 g - 2 potions of haste {unknown}
 l - 2 potions of invisibility {unknown}
 m - a potion of ambrosia
 r - a potion of resistance {unknown}
 u - a potion of heal wounds {unknown}
Comestibles
 d - 4 rations
 f - 3 chunks of flesh


   Skills:
 + Level 2.2 Fighting
 + Level 0.4 Short Blades
 + Level 1.3 Armour
 + Level 2.5 Dodging
 * Level 4.6 Stealth
 + Level 3.9 Unarmed Combat
 + Level 3.2 Spellcasting
 + Level 3.1 Transmutations


You had 9 spell levels left.
You knew the following spells:

 Your Spells              Type           Power        Failure   Level  Hunger
a - Beastly Appendage     Tmut           ##....       6%          1    #......
b - Sticks to Snakes      Tmut           ##......     9%          2    ##.....

Your spell library contained the following spells:

 Spells                   Type           Power        Failure   Level  Hunger
 Spider Form              Tmut/Pois      #.........   32%         3    ###....
 Ice Form                 Ice/Tmut       #.......     73%         4    #####..
 Blade Hands              Tmut           ##........   85%         5    ######.


Dungeon Overview and Level Annotations

Branches:
Dungeon (4/15)
 Temple: D:4-7

Altars:
Dithmenos
Qazlal
Sif Muna


Innate Abilities, Weirdness & Mutations

You have extremely sharp teeth.
Your natural rate of healing is unusually fast.
When hurt, damage is shared between your health and your magic reserves.
Your bite disrupts and absorbs the magic of your enemies.
Potions cannot restore your health.
You are immune to rotting.


Message History

You feel invigorated.
The ogre is heavily wounded.
The ogre barely misses you.
The orc hits you from afar with a +0 trident.
You hit the ogre.
The ogre is severely wounded.
You barely miss the ogre. You bite the ogre. You drain its power.
You feel invigorated.
The ogre is severely wounded.
The orc barely misses you. The ogre completely misses you.
You hit the ogre but do no damage.
The ogre is severely wounded.
The orc hits you from afar with a +0 trident.
* * * LOW HITPOINT WARNING * * *
The ogre barely misses you.
You hit the ogre. You bite the ogre. You drain its power.
You feel invigorated.
The ogre is almost dead.
The orc hits you from afar with a +0 trident.
The ogre hits you with a cursed +0 giant club!!
You die...

.................#
.................####
.....................##..
#....?.#.................#
##......#...............###
.........#.............##
#........##.............##
#........###.............##
#........#@.#.........#...#
##........O####........##..#
#......?.o## ##......####.#
#.........## ###....# ##.
(..........## ###..# ##
............# ####
..........$..# #
...............#
###.................#


You could see an ogre and an orc.

Vanquished Creatures
  2 orc priests (D:3)
  6 orc wizards
  Natasha (twice) (D:3)
  3 gnolls
  4 adders
  3 oozes
  An adder skeleton (D:4)
  2 worms
  2 dart slugs
  3 leopard geckos
  16 orcs
  6 giant cockroaches
  12 goblins
  10 hobgoblins
  6 jackals (D:1)
  7 kobolds
  A quokka (D:2)
  A ball python (D:2)
  6 bats
  3 frilled lizards
  A leopard gecko skeleton (D:4)
  7 rats
104 creatures vanquished.

Notes
Turn   | Place    | Note
-------+----------+-------------------------------------------
     0 | D:1      | Descartes the Vine Stalker Transmuter began the quest for
                  | the Orb.
     0 | D:1      | Reached XP level 1. HP: 9/9 MP: 4/4
    52 | D:1      | Reached skill level 1 in Fighting
    78 | D:1      | Reached skill level 1 in Stealth
    78 | D:1      | Reached XP level 2. HP: 8/14 MP: 3/6
   483 | D:1      | Reached XP level 3. HP: 15/18 MP: 5/7
   502 | D:1      | Reached skill level 2 in Stealth
   654 | D:1      | Learned a level 2 spell: Sticks to Snakes
  1296 | D:1      | Gained mutation: Your natural rate of healing is unusually
                  | fast. [Vine Stalker growth]
  1296 | D:1      | Reached XP level 4. HP: 11/22 MP: 8/8
  1347 | D:2      | Found a deep blue altar of Sif Muna.
  1581 | D:2      | Found a stormy altar of Qazlal.
  1715 | D:3      | Found a shadowy altar of Dithmenos.
  1782 | D:2      | Reached skill level 3 in Stealth
  1839 | D:3      | Noticed Natasha
  1848 | D:3      | Killed Natasha
  1848 | D:3      | Reached XP level 5. HP: 24/25 MP: 10/10
  2212 | D:3      | Reached XP level 6. HP: 29/30 MP: 9/11
  2238 | D:3      | Reached skill level 1 in Armour
  2238 | D:3      | Reached skill level 4 in Stealth
  2319 | D:3      | Noticed Natasha
  2327 | D:3      | Killed Natasha
  3101 | D:4      | Reached XP level 7. HP: 30/35 MP: 6/12
  3130 | D:4      | Slain by an ogre

Skill      XL: |  1  2  3  4  5  6 |
---------------+-------------------+-----
Fighting       | 1 2 |  2.2
Stealth        | 1 2 3 4 |  4.6
Dodging        | 2 |  2.5
Armour         | 1 |  1.3
Spellcasting   | 3 |  3.2
Transmutations | 3 |  3.1
Short Blades   | |  0.4
Unarmed Combat | |  3.9

Action                   |  1- 3 |  4- 6 |  7- 9 || total
-------------------------+-------+-------+-------++-------
Melee: Unarmed           |    99 |   207 |       ||   306
       Kick              |     4 |     2 |     3 ||     9
       Bite              |    24 |    72 |    10 ||   106
       Headbutt          |     1 |       |       ||     1
       Punch             |       |     2 |       ||     2
       Short sword       |       |    74 |    29 ||   103
 Cast: Beastly Appendage |     3 |     1 |       ||     4
  Use: Scroll            |     1 |     3 |       ||     4
 Stab: Sleeping          |     3 |       |       ||     3
  Eat: Chunk             |     1 |     5 |       ||     6
       Ration            |       |     2 |       ||     2
Armor: Robe              |     5 |     2 |     5 ||    12
       Chain mail        |    50 |   136 |       ||   186
Dodge: Dodged            |    55 |    84 |    25 ||   164
